 Dungeon Crawl Stone Soup version 0.18.1-48-g4cf74bf (webtiles) character file.

4687 Dickchan the Frost Mage (level 10, -11/73 HPs)
             Began as a Merfolk Ice Elementalist on Aug 29, 2016.
             Mangled by a six-headed hydra (14 damage)
             ... on level 11 of the Dungeon.
             The game lasted 00:43:18 (12716 turns).

Dickchan the Frost Mage (Merfolk Ice Elementalist) Turns: 12716, Time: 00:43:19

Health: -11/73     AC:  5    Str:  8    XL:     10   Next: 44%
Magic:  22/22      EV: 13    Int: 18    God:
Gold:   505        SH:  0    Dex: 15    Spells: 4 memorised, 2 levels left

rFire  x . .     SeeInvis .     o - +3 dagger (venom)
rCold  + . .     Gourm    .     a - +0 robe
rNeg   . . .     Faith    .     (no shield)
rPois  .         Spirit   .     (no helmet)
rElec  .         Dismiss  .     x - +0 cloak
rCorr  .         Reflect  .     y - +1 pair of gloves
SustAt .         Harm     .     (no boots)
MR     .....                    (no amulet)
Stlth  +++.......               A - ring of magical power
                                K - ring of ice

@: not resistant to hostile enchantments, fairly stealthy
A: change form in water, swift swim
a: no special abilities


You were on level 11 of the Dungeon.
You were not hungry.

You visited 2 branches of the dungeon, and saw 12 of its levels.

You collected 505 gold pieces.

Inventory:

Hand Weapons
 o - a +3 dagger of venom (weapon)
 Q - a +1 dagger of pain
Armour
 a - a +0 robe (worn)
 x - a +0 cloak (worn)
 y - a +1 pair of gloves (worn)
Jewellery
 w - an uncursed ring of protection from magic
 A - a ring of magical power (right hand)
 K - a ring of ice (left hand)
 M - an uncursed ring of wizardry {unknown}
Wands
 f - a wand of confusion (32/48)
 l - a wand of teleportation (4/9)
 t - a wand of lightning (4/15)
 B - a wand of flame (39/48)
 G - a wand of flame (22/48)
 H - a wand of slowing (29/48)
 O - a wand of acid (9/15)
 P - a wand of enslavement (8/24)
 V - a wand of flame (10/48)
 W - a wand of lightning (3/15)
 X - a wand of slowing (26/48)
 Z - a wand of confusion (20/48)
Scrolls
 d - 12 scrolls of identify {unknown}
 i - 7 scrolls of magic mapping
 m - 5 scrolls of enchant weapon
 q - 2 scrolls of amnesia
 v - a scroll of fog
 C - 3 scrolls of teleportation
 D - 2 scrolls of enchant armour
 I - 3 scrolls of remove curse
 R - 2 scrolls of blinking
Potions
 e - a potion of mutation {unknown}
 h - 2 potions of flight {unknown}
 j - 6 potions of haste {unknown}
 k - a potion of lignification {unknown}
 n - 2 potions of ambrosia {unknown}
 r - 3 potions of curing {unknown}
 s - 2 potions of might {unknown}
 E - 2 potions of heal wounds {unknown}
 L - a potion of agility {unknown}
 N - a potion of resistance {unknown}
 Y - a potion of magic {unknown}
Books
 b - a book of Frost

   Spells                             Type                      Level
   a - Freeze                         Ice                          1
   b - Throw Frost                    Conjuration/Ice              2
   c - Ozocubu's Armour               Charms/Ice                   3
   d - Throw Icicle                   Conjuration/Ice              4
   e - Summon Ice Beast               Ice/Summoning                4
 z - a book of Callings

   Spells                             Type                      Level
   a - Summon Small Mammal            Summoning                    1
   b - Call Imp                       Summoning                    2
   c - Call Canine Familiar           Summoning                    3
   d - Summon Guardian Golem          Hexes/Summoning              3
   e - Summon Lightning Spire         Summoning/Air                4
   f - Summon Ice Beast               Ice/Summoning                4
 F - a book of Beasts

   Spells                             Type                      Level
   a - Summon Butterflies             Summoning                    1
   b - Call Canine Familiar           Summoning                    3
   c - Summon Ice Beast               Ice/Summoning                4
   d - Summon Mana Viper              Hexes/Summoning              5
   e - Summon Hydra                   Summoning                    7
 J - a book of Maledictions

   Spells                             Type                      Level
   a - Corona                         Hexes                        1
   b - Ensorcelled Hibernation        Hexes/Ice                    2
   c - Confuse                        Hexes                        3
   d - Tukima's Dance                 Hexes                        3
   e - Dazzling Spray                 Conjuration/Hexes            3
Miscellaneous
 U - a sack of spiders
Comestibles
 c - 11 bread rations
 g - 8 fruits
 p - 3 meat rations
 u - 2 beef jerkies


   Skills:
 - Level 4.7 Fighting
 - Level 5.4 Short Blades
 - Level 2.6 Dodging
 - Level 6.1 Stealth
 - Level 2.0 Spellcasting
 + Level 5.3 Conjurations
 - Level 6.5 Summonings
 - Level 10.0 Ice Magic


You had 2 spell levels left.
You knew the following spells:

 Your Spells              Type           Power        Failure   Level  Hunger
a - Freeze                Ice            ####         1%          1    #......
b - Summon Ice Beast      Ice/Summ       #####...     8%          4    #####..
c - Ensorcelled Hibernat  Hex/Ice        ####..       3%          2    ###....
d - Throw Icicle          Conj/Ice       #####...     10%         4    #####..


Dungeon Overview and Level Annotations

Branches:
Dungeon (11/15)            Temple (1/1) D:7            Lair (0/8) D:9
    Orc (0/2) D:9

Altars:
Ashenzari
Cheibriados
Elyvilon
Fedhas
Gozag
Kikubaaqudgha
Makhleb
Nemelex Xobeh
Okawaru
Pakellas
Qazlal
Ru
Sif Muna
Trog
Vehumet
Xom
Yredelemnul
Zin
The Shining One


Message History

Done exploring.
Eat which item? (? for menu, Esc to quit)
That beef jerky was delicious!
Casting: Summon Ice Beast
Confirm with . or Enter, or press ? or * to list all spells.
Okay, then.
There is a stone staircase leading down here.
You climb downwards.
A yak comes into view.
The six-headed hydra closely misses you.
The six-headed hydra bites you! The six-headed hydra bites you.
The six-headed hydra bites you! x3
* * * LOW HITPOINT WARNING * * *
The yak gores you!
* * * LOW HITPOINT WARNING * * *
The six-headed hydra bites you but does no damage.
The six-headed hydra bites you.
* * * LOW HITPOINT WARNING * * *
The six-headed hydra barely misses you. The six-headed hydra bites you!
You die...

........D....#....#
.........)...#....#
#######...YY.##'#########
......#.................#
......#.................#
......'............รท....#
......#.................#
......#........YD.......#
......#........Y@.......#
##############..........#
#######+####


You could see a six-headed hydra and 4 yaks.

Vanquished Creatures
  Joseph (D:7)
  A spriggan (D:9)
  An ice beast (D:10)
  3 sky beasts
  3 ogres
  4 centaurs
  4 giant frogs
  A wyvern zombie (D:9)
  A scorpion (D:9)
  2 killer bees (D:9)
  2 crimson imps
  3 jellies
  A giant frog zombie (D:10)
  8 hounds
  4 iguanas
  7 worker ants
  A killer bee zombie (D:9)
  2 hound skeletons
  8 adders
  A river rat (D:9)
  13 gnolls
  An ooze (D:1)
  An adder skeleton (D:7)
  4 worms
  3 dart slugs
  6 giant geckos
  9 orcs
  10 giant cockroaches
  8 goblins
  6 hobgoblins
  3 jackals (D:6)
  9 kobolds
  4 quokkas
  3 ball pythons
  12 bats
  9 giant newts
  A quokka skeleton (D:5)
  16 rats
176 creatures vanquished.

Vanquished Creatures (collateral kills)
  A hydra (D:9)
  A hill giant (D:11)
  A centaur skeleton (D:10)
  A yak (D:11)
  Sigmund (D:5)
  Duvessa (D:6)
  A black bear (D:7)
  2 phantoms (D:7)
  An orc warrior (D:9)
  A sky beast (D:8)
  A necrophage (D:10)
  An ice beast (D:7)
  An ogre (D:9)
  A centaur (D:6)
  A giant frog (D:9)
  Dowan (D:6)
  3 wights (D:9)
  7 killer bees
  A crimson imp (D:10)
  A giant frog skeleton (D:7)
  A hound (D:5)
  A gnoll shaman (D:7)
  A jelly (D:8)
  2 orc priests (D:9)
  A worker ant (D:9)
  5 gnolls
  A quokka (D:10)
41 creatures vanquished.

Vanquished Creatures (others)
  3 bushes (D:10)
  7 fungi (D:9)
  A plant (D:9)
11 creatures vanquished.

Grand Total: 228 creatures vanquished

Notes
Turn   | Place    | Note
--------------------------------------------------------------
     0 | D:1      | Dickchan the Merfolk Ice Elementalist began the quest for the Orb.
     0 | D:1      | Reached XP level 1. HP: 13/13 MP: 3/3
   371 | D:1      | Reached XP level 2. HP: 19/19 MP: 1/5
   382 | D:1      | Reached skill level 4 in Ice Magic
   718 | D:1      | Reached XP level 3. HP: 1/24 MP: 0/6
  1510 | D:2      | Reached skill level 5 in Ice Magic
  1527 | D:2      | Noticed Sigmund
  1607 | D:2      | Reached XP level 4. HP: 24/30 MP: 7/7
  2463 | D:2      | Found a radiant altar of Vehumet.
  2598 | D:2      | Reached skill level 6 in Ice Magic
  2598 | D:2      | Reached XP level 5. HP: 35/35 MP: 1/8
  3254 | D:2      | Found a sparkling altar of Nemelex Xobeh.
  3919 | D:4      | Reached skill level 7 in Ice Magic
  3919 | D:4      | Reached XP level 6. HP: 34/41 MP: 5/9
  4614 | D:5      | Entered Level 5 of the Dungeon
  4620 | D:5      | Learned a level 4 spell: Summon Ice Beast
  4628 | D:4      | Reached skill level 8 in Ice Magic
  4886 | D:5      | Got a steaming ring mail
  5373 | D:5      | Reached XP level 7. HP: 39/46 MP: 10/10
  5518 | D:5      | Found a glowing silver altar of Zin.
  5720 | D:5      | Reached skill level 1 in Summonings
  5988 | D:5      | Killed Sigmund
  5988 | D:5      | Reached skill level 9 in Ice Magic
  6008 | D:5      | Identified the cursed +1 ring mail "Aterar" {Int+3} (You found it on level 5 of the Dungeon)
  6235 | D:6      | Noticed Dowan
  6236 | D:6      | Noticed Duvessa
  6699 | D:6      | Reached XP level 8. HP: 36/52 MP: 11/11
  7028 | D:6      | Found an ancient bone altar of Kikubaaqudgha.
  7028 | D:6      | Found a shimmering altar of Xom.
  7199 | D:7      | Noticed Joseph
  7261 | D:7      | Found an iron altar of Okawaru.
  7359 | D:7      | Found a staircase to the Ecumenical Temple.
  7393 | Temple   | Entered the Ecumenical Temple
  7532 | D:7      | Reached skill level 10 in Ice Magic
  7613 | D:7      | Found a burning altar of Makhleb.
  7661 | D:7      | Reached skill level 1 in Short Blades
  7715 | D:7      | Reached skill level 1 in Fighting
  7754 | D:7      | Reached skill level 5 in Summonings
  8384 | D:7      | Found an oddly glowing altar of Pakellas.
  8430 | D:7      | Learned a level 2 spell: Ensorcelled Hibernation
  8453 | D:7      | Killed Joseph
  8453 | D:7      | Reached XP level 9. HP: 4/62 MP: 12/12
  8912 | D:6      | Killed Duvessa
  8916 | D:6      | Killed Dowan
  9490 | D:8      | Got an encrusted ring mail
  9502 | D:8      | Reached skill level 5 in Stealth
  9576 | D:8      | Found a sacrificial altar of Ru.
  9648 | D:8      | Found a white marble altar of Elyvilon.
 10340 | D:9      | Reached skill level 5 in Short Blades
 10408 | D:9      | Found a staircase to the Lair.
 10580 | D:9      | Found a bloodstained altar of Trog.
 10655 | D:9      | Noticed a seven-headed hydra
 10779 | D:9      | Learned a level 4 spell: Throw Icicle
 11129 | D:9      | Found a staircase to the Orcish Mines.
 11172 | D:9      | Reached skill level 1 in Conjurations
 11177 | D:9      | Reached XP level 10. HP: 73/73 MP: 13/13
 11701 | D:9      | Killed a seven-headed hydra
 11710 | D:10     | Entered Level 10 of the Dungeon
 12278 | D:10     | Identified the cursed +1 ring mail of Ubeummia {rF- Dex+7 Stlth+} (You found it on level 8 of the Dungeon)
 12531 | D:11     | Noticed a hill giant
 12541 | D:11     | Killed a hill giant
 12541 | D:11     | Reached skill level 5 in Conjurations
 12587 | D:11     | Noticed a six-headed hydra
 12716 | D:11     | HP: 3/73 [six-headed hydra (6)]
 12716 | D:11     | Mangled by a six-headed hydra

Skill      XL: |  1  2  3  4  5  6  7  8  9 10 |
---------------+-------------------------------+-----
Ice Magic      | 4 5 6 7 8 9 10 | 10.0
Summonings     | 3 5 6 |  6.5
Short Blades   | 3 5 |  5.4
Fighting       | 2 4 |  4.7
Stealth        | 4 6 |  6.1
Conjurations   | 1 5 |  5.3
Dodging        | |  2.6
Spellcasting   | |  2.0

Action                   |  1- 3 |  4- 6 |  7- 9 | 10-12 || total
-------------------------+-------+-------+-------+-------++-------
Melee: Unarmed           |    10 |       |       |       ||    10
       Dagger            |    12 |   126 |   221 |    93 ||   452
       Tailslap          |       |       |     2 |       ||     2
 Cast: Freeze            |    44 |    70 |    67 |       ||   181
       Summon Ice Beast  |       |     3 |    38 |    22 ||    63
       Ensorcelled Hiber |       |       |     7 |       ||     7
       Throw Icicle      |       |       |       |     4 ||     4
  Use: Scroll            |       |       |     8 |     5 ||    13
 Stab: Sleeping          |       |     1 |    14 |     1 ||    16
       Distracted        |       |       |       |     1 ||     1
  Eat: Chunk             |     3 |    11 |    24 |    11 ||    49
       Bread ration      |       |     1 |       |       ||     1
       Pizza             |       |       |     1 |       ||     1
       Beef jerky        |       |       |       |     1 ||     1
Armor: Robe              |     9 |    30 |    55 |    18 ||   112
Dodge: Dodged            |    28 |   104 |   209 |    47 ||   388
